 Dungeon Crawl Stone Soup version 0.23.0-3-gf3c87f2df8 (webtiles) character file.

Game seed: 1335914549914257655

150 Jukra the Chucker (level 5, 0/53 HPs)
             Began as an Ogre Hunter on Feb 24, 2019.
             Succumbed to a gnoll's poison
             ... on level 2 of the Dungeon.
             The game lasted 00:10:24 (2534 turns).

Jukra the Chucker (Ogre Hunter)                     Turns: 2534, Time: 00:10:24

Health: 0/53       AC:  4    Str: 17    XL:     5   Next: 32%
Magic:  5/5        EV: 10    Int: 12    God:
Gold:   127        SH:  0    Dex: 13    Spells: 4/4 levels left

rFire    . . .     SeeInvis .   b - +3 short sword
rCold    . . .     Gourm    .   (no shield)
rNeg     . . .     Faith    .   u - +0 robe
rPois    .         Spirit   .   (helmet restricted)
rElec    .         Reflect  .   (no cloak)
rCorr    .         Harm     .   (gloves unavailable)
MR       .....                  (boots unavailable)
Stlth    ++........             (no amulet)
HPRegen  0.17/turn              l - +4 ring of dexterity
MPRegen  0.09/turn              h - +1 ring of protection

@: lethally poisoned (0 -> -1)
A: large, unfitting armour, tough skin 1
a: no special abilities


You were on level 2 of the Dungeon.
You were not hungry.

You visited 1 branch of the dungeon, and saw 3 of its levels.

You collected 127 gold pieces.

Inventory:

Hand Weapons
 a - a +0 short sword
 b - a +3 short sword (weapon)
 r - a +0 flail
Missiles
 d - a throwing net (quivered)
Armour
 u - a +0 robe (worn)
Jewellery
 g - an uncursed ring of fire
 h - a +1 ring of protection (right hand)
 l - a +4 ring of dexterity (left hand)
Scrolls
 n - a scroll of identify
 p - 3 scrolls of remove curse
Potions
 e - a potion of haste
Comestibles
 f - 6 rations


   Skills:
 + Level 3.4 Fighting
 + Level 2.0 Short Blades
 + Level 5.1 Throwing
 + Level 2.2 Dodging
 + Level 1.5 Stealth


You had 4 spell levels left.
You didn't know any spells.
Your spell library was empty.

Dungeon Overview and Level Annotations

Branches:
Dungeon (3/15)

Altars:


Innate Abilities, Weirdness & Mutations

You are too large for most types of armour.
You have tough skin. (AC +1)


Message History

Okay, then.
There is a lethal amount of poison in your body!
There is a lethal amount of poison in your body!
As you read the scroll labeled TAXTOPE XOANK, it crumbles to dust.
It is a scroll of amnesia.
You feel forgetful for a moment.
As you read the scroll labeled YMETHU ATELI, it crumbles to dust.
It is a scroll of identify.
p - 3 scrolls of remove curse
* * * LOW HITPOINT WARNING * * *
You feel sick.
Drop what? 13/52 slots (_ for help) (? for menu, Esc to quit)
You drop a scroll of amnesia.
There is a lethal amount of poison in your body!
There is a lethal amount of poison in your body!
* * * LOW HITPOINT WARNING * * *
You feel sick.
* * * LOW HITPOINT WARNING * * *
You feel sick.
You die...

.# ##...###.........#
#...## .# ##'##
#.###.#...# #...## .#
#.# #.# #.#...# #...##
## ###.####.# #.....#
##.###
###........###.##..#
#.# #
##......###.........#
#.# #
##........##.###.#####
#.# #
.........###.###># #.#
# ##....#.........@#
#.###
####........#####
#.... ###.###### #####
#.# # #.# # ###.####
## #......# #.
#.#.##.# #.
####.#.##.# #.


There were no monsters in sight!

Vanquished Creatures
  Terence (D:3)
  3 gnolls
  3 adders (D:2)
  An ooze (D:2)
  A worm (D:2)
  2 dart slugs (D:1)
  A leopard gecko (D:1)
  An orc (D:2)
  3 giant cockroaches (D:2)
  5 goblins
  6 hobgoblins
  8 jackals (D:2)
  A quokka (D:2)
  8 bats
  A frilled lizard (D:1)
  8 kobolds
  4 rats
57 creatures vanquished.

Notes
Turn   | Place    | Note
-------+----------+-------------------------------------------
     0 | D:1      | Jukra the Ogre Hunter began the quest for the Orb.
     0 | D:1      | Reached XP level 1. HP: 22/22 MP: 1/1
   144 | D:1      | Reached XP level 2. HP: 23/29 MP: 2/2
   351 | D:1      | Reached XP level 3. HP: 12/36 MP: 3/3
  1157 | D:2      | Reached skill level 5 in Throwing
  1352 | D:2      | Reached skill level 1 in Stealth
  1356 | D:2      | Reached XP level 4. HP: 38/45 MP: 4/4
  1516 | D:2      | Reached skill level 1 in Short Blades
  2081 | D:3      | Noticed Terence
  2088 | D:3      | Killed Terence
  2088 | D:3      | Reached XP level 5. HP: 43/53 MP: 5/5
  2356 | D:2      | HP: 1/53 [worm (7)]
  2520 | D:2      | HP: 2/53 [poisoned by a gnoll]
  2526 | D:2      | HP: 1/53 [poisoned by a gnoll]
  2534 | D:2      | Succumbed to a gnoll's poison

Skill      XL: |  1  2  3  4  5 |
---------------+----------------+-----
Fighting       | 3 |  3.4
Throwing       | 5 |  5.1
Dodging        | 2 |  2.2
Stealth        | 1 |  1.5
Short Blades   | 1 2 |  2.0

Action                   |  1- 3 |  4- 6 || total
-------------------------+-------+-------++-------
Melee: Short sword       |    94 |    76 ||   170
       Flail             |     5 |       ||     5
Throw: Large rock        |    13 |     5 ||    18
       Throwing net      |     1 |     1 ||     2
  Use: Potion            |       |     7 ||     7
       Scroll            |       |     2 ||     2
 Stab: Held in net/web   |     1 |       ||     1
       Sleeping          |     4 |     1 ||     5
       Distracted        |       |     1 ||     1
  Eat: Chunk             |     1 |     2 ||     3
       Ration            |       |     1 ||     1
Armor: Robe              |    30 |    30 ||    60
Dodge: Dodged            |    54 |    45 ||    99
